 Dungeon Crawl Stone Soup version 0.29-a0-284-gf9362112df (webtiles) character file.

Game seed: 7646807740331427792

1326 Oblizorion the Cleaver (level 8, -4/66 (70) HPs)
             Began as a Hill Orc Fighter on Mar 21, 2022.
             Slain by a wight
             ... wielding a +2 morningstar
              (5 damage)
             ... on level 6 of the Dungeon on Mar 24, 2022.
             The game lasted 00:34:43 (5549 turns).

Oblizorion the Cleaver (Hill Orc Fighter)           Turns: 5549, Time: 00:34:44

HP:   -4/66 (70)    AC: 20    Str: 21    XL:     8   Next: 60%
MP:   8/8           EV:  6    Int:  8    God:
Gold: 356           SH:  4    Dex: 10    Spells: 7/7 levels left

rFire   . . .      SeeInvis .   f - +1 whip (venom)
rCold   + . .      Faith    .   c - +0 buckler
rNeg    . . .      Spirit   .   e - +1 plate armour
rPois   .          Reflect  .   i - +0 helmet
rElec   .          Harm     .   (no cloak)
rCorr   .          Rampage  .   j - +0 pair of gloves
Will    .....                   (no boots)
Stlth   ..........              (no amulet)
HPRegen 0.21/turn               E - ring of protection from cold
MPRegen 0.11/turn               s - +4 ring of protection

@: drained
A: no striking features
a: no special abilities


You were on level 6 of the Dungeon.
You visited 1 branch of the dungeon, and saw 6 of its levels.

You collected 356 gold pieces.

Inventory:

Hand Weapons
 a - a +0 war axe
 f - a +1 whip of venom (weapon)
 h - a +0 hunting sling of flaming
Missiles
 o - 3 datura-tipped darts
 A - a boomerang (quivered)
 C - 6 javelins
 D - a poisoned dart
Armour
 c - a +0 buckler (worn)
 e - a +1 plate armour (worn)
 i - a +0 helmet (worn)
 j - a +0 pair of gloves (worn)
Jewellery
 s - a +4 ring of protection (right hand)
 E - a ring of protection from cold (left hand)
Wands
 z - a wand of iceblast (10)
Scrolls
 b - 3 scrolls of teleportation
 n - a scroll of silence
 q - a scroll of fear
 r - a scroll of immolation
 t - a scroll of identify
Potions
 d - a potion of might
 g - a potion of ambrosia
 k - 3 potions of flight
 l - a potion of mutation {unknown}
 x - 2 potions of lignification
 B - 2 potions of resistance


   Skills:
 + Level 6.0 Fighting
 + Level 9.6 Axes
 + Level 0.3(4.9) Maces & Flails
 + Level 2.2 Throwing
 + Level 5.5 Armour
 + Level 1.2 Dodging
 + Level 4.5 Shields


You had 7 spell levels left.
You didn't know any spells.
Your spell library contained the following spells:

 Spells                   Type           Power      Damage    Failure   Level
 Corpse Rot               Necr/Air       0%         N/A       100%        2
 Poisonous Vapours        Pois/Air       0%         N/A       100%        2
 Mephitic Cloud           Conj/Pois/Air  0%         N/A       100%        3
 Storm Form               Tmut/Air       0%         N/A       100%        7
 Borgnjor's Revivificati  Necr           0%         N/A       100%        8


Dungeon Overview and Level Annotations

Branches:
Dungeon (6/15)
 Temple: D:4-7

Altars:
Dithmenos
Hepliaklqana
Nemelex Xobeh
Trog


Message History

The wight hits you but does no damage.
A wight comes into view.
It is wielding a +4 great sword of freezing.
The wight hits you but does no damage. The wight hits you with a +0 dagger.
You feel drained. The ogre hits you but does no damage.
You hit the wight but do no damage.
The wight is severely damaged.
The wight barely misses you.
The wight hits you but does no damage. x3
You barely miss the wight.
The wight is severely damaged.
You block the wight's attack. The wight hits you with a +0 dagger.
The wight hits you but does no damage. The ogre barely misses you.
The wight hits you but does no damage.
You barely miss the wight.
The wight is severely damaged.
The wight hits you but does no damage. x3
The wight hits you with a +4 halberd.
You feel drained.
You hit the wight.
The wight is severely damaged.
You block the ogre's attack. The wight hits you but does no damage.
The wight barely misses you. The wight hits you but does no damage.
The adder closely misses you. You block the wight's attack.
You closely miss the adder. The adder barely misses you.
The wight barely misses you.
The wight hits you but does no damage. x2
The wight hits you with a +4 halberd.
The ogre hits you with a +0 giant spiked club!!
* * * LOW HITPOINT WARNING * * *
You closely miss the adder. You block the adder's attack.
The wight hits you with a +4 scimitar.
* * * LOW HITPOINT WARNING * * *
The wight hits you but does no damage. The wight barely misses you.
The wight hits you with a +2 morningstar.
* * * LOW HITPOINT WARNING * * *
You feel drained.
* * * LOW HITPOINT WARNING * * *
Okay, then.
You block the adder's attack. The ogre barely misses you.
The wight hits you with a +4 scimitar.
* * * LOW HITPOINT WARNING * * *
The wight hits you with a +2 morningstar.
You die...

####.....#
.........#
..........
.........#
.........# #
.........###..#
......O)z......
#..S@z# #...zz#
###+#z# .. #..
... .... ..###


You could see an ogre, 5 wights and an adder.

Vanquished Creatures
  Eustachio (D:3)
  2 ogres
  A phantom (D:5)
  4 scorpions
  A jelly (D:4)
  2 orc priests
  3 hounds
  Jessica (D:2)
  A gnoll shaman (D:5)
  Ijyb (D:4)
  2 iguanas
  4 orc wizards (D:5)
  Robin (D:2)
  9 gnolls
  7 adders
  A worm (D:3)
  6 dart slugs
  17 orcs
  7 ball pythons
  6 bats
  8 endoplasms
  4 giant cockroaches
  15 goblins
  9 hobgoblins
  6 jackals
  4 quokkas
  3 frilled lizards (D:1)
  6 kobolds
  5 rats
137 creatures vanquished.

Vanquished Creatures (collateral kills)
  2 orcs (D:3)
2 creatures vanquished.

Vanquished Creatures (others)
  An orc (D:3)
  5 plants (D:4)
6 creatures vanquished.

Grand Total: 145 creatures vanquished

Notes
Turn   | Place    | Note
-------+----------+-------------------------------------------
     0 | D:1      | Oblizorion the Hill Orc Fighter began the quest for the
                  | Orb.
     0 | D:1      | Reached XP level 1. HP: 19/19 MP: 1/1
   184 | D:1      | Reached XP level 2. HP: 27/27 MP: 2/2
   332 | D:1      | Reached skill level 3 in Axes
   393 | D:1      | Reached XP level 3. HP: 33/33 MP: 3/3
   864 | D:2      | Noticed Jessica
   873 | D:2      | Killed Jessica
   874 | D:2      | Reached skill level 4 in Axes
   874 | D:2      | Reached XP level 4. HP: 39/40 MP: 4/4
   963 | D:2      | Noticed Robin
   979 | D:2      | Reached skill level 5 in Axes
  1012 | D:2      | Killed Robin
  1013 | D:2      | Reached XP level 5. HP: 20/46 MP: 5/5
  1436 | D:2      | Found a faded altar of an unknown god.
  1630 | D:3      | Found a bloodstained altar of Trog.
  1980 | D:3      | Got the Handbook of Sinister Air
  2040 | D:3      | Reached skill level 6 in Axes
  2399 | D:4      | Reached skill level 1 in Throwing
  2399 | D:4      | Reached XP level 6. HP: 55/55 MP: 6/6
  2400 | D:4      | Noticed Eustachio
  2443 | D:3      | Killed Eustachio
  2444 | D:3      | Reached skill level 5 in Fighting
  2444 | D:3      | Reached skill level 7 in Axes
  2594 | D:4      | Reached XP level 7. HP: 50/61 MP: 7/7
  2654 | D:4      | Found a hazy altar of Hepliaklqana.
  2721 | D:4      | Found a shadowy altar of Dithmenos.
  2930 | D:4      | Reached skill level 8 in Axes
  3521 | D:4      | Noticed Ijyb
  3529 | D:4      | Killed Ijyb
  3605 | D:5      | Entered Level 5 of the Dungeon
  3649 | D:5      | Reached skill level 5 in Armour
  3649 | D:5      | Reached XP level 8. HP: 42/70 MP: 8/8
  3703 | D:5      | Found a sparkling altar of Nemelex Xobeh.
  3904 | D:5      | Reached skill level 9 in Axes
  4124 | D:5      | Reached skill level 1 in Dodging
  5549 | D:6      | HP: 1/66 [wight/+4 scimitar (4)]
  5549 | D:6      | Slain by a wight

Illustrated notes

Levels and vault maps discovered:
D:1:      ncdulo_watergridlock, layout_basic
D:2:      layout_basic, hellmonk_ecumenical_altar_heavens_door, uniq_robin,
          uniq_jessica
D:3:      layout_loops_cross, amcnicky_altar_gilded, hex_large
D:4:      layout_basic, nicolae_hepliaklqana_hazy_memory,
          mainiacjoe_overflow_cross_hatched, uniq_eustachio, uniq_ijyb
D:5:      minmay_evil_eye, layout_loops_ring, nicolae_overflow_hidden_temple
D:6:      layout_gridville, mainiacjoe_overflow_catwalk,
          minmay_misc_feat_nine_boxes, grunt_ministairs_5, minmay_misc_feat_rows

Skill      XL: |  1  2  3  4  5  6  7  8 |
---------------+-------------------------+-----
Axes           | 3 4 5 6 7 8 9 |  9.6
Fighting       | 4 5 6 |  6.0
Armour         | 4 5 |  5.5
Throwing       | 1 2 |  2.2
Shields        | 4 |  4.5
Dodging        | 1 |  1.2
Maces & Flails | |  0.3

Action                   |  1- 3 |  4- 6 |  7- 9 || total
-------------------------+-------+-------+-------++-------
Melee: War axe           |    94 |   180 |   170 ||   444
       Whip              |       |       |    27 ||    27
 Fire: Hunting sling     |     1 |       |       ||     1
Throw: Stone             |     2 |    22 |       ||    24
       Dart              |       |    10 |    35 ||    45
       Boomerang         |       |       |    14 ||    14
  Use: Scroll            |     3 |     1 |     5 ||     9
       Potion            |       |     4 |     1 ||     5
Armor: Plate armour      |    71 |   190 |   144 ||   405
       Scale mail        |     6 |       |       ||     6
Dodge: Dodged            |    27 |    62 |    60 ||   149
Block: Buckler           |    19 |    54 |    43 ||   116

Table legend: (Time is in decaauts)
 A = Elapsed time spent in this place.
 B = Non-inter-level travel time spent in this place.
 C = Inter-level travel time spent in this place.
 D = Time resting spent in this place.
 E = Time spent auto-exploring this place.
 F = Levels seen in this place.
 G = Mean time per level.
                   A        B        C        D        E       F      G
               +--------+--------+--------+--------+--------+-----+--------+
         Total |   5639 |   5252 |    387 |   1604 |   1403 |   6 |  939.8 |
       Dungeon |   5639 |   5252 |    387 |   1604 |   1403 |   6 |  939.8 |
               +--------+--------+--------+--------+--------+-----+--------+

Top non-repeatable levels by time:
     D:5: 1929 daAuts
     D:4: 1049 daAuts
     D:3: 982 daAuts
     D:2: 890 daAuts
     D:1: 766 daAuts
     D:6: 21 daAuts
